[Event "Late-Titled-Tuesday-Blitz-May-14-2024"]
[Site "Chess.com"]
[Date "2024.05.14"]
[Round "8"]
[White "Statham_01"]
[Black "Arystanner"]
[Result "0-1"]
[WhiteElo "2635"]
[BlackElo "2838"]
[TimeControl "180+1"]
[EndTime "15:25:23 PDT"]
[Termination "Arystanner won by checkmate"]

1. e4 c5 2. a3 e6 3. b4 cxb4 4. axb4 Bxb4 5. Bb2 Nf6 6. e5 Nd5 7. c4 Ne7 8. Qg4 Ng6 9. h4 h5 10. Qg3 Nc6 11. Bd3 Rh6 12. Nf3 d6 13. O-O dxe5 14.
Be4 Nd4 15. Nxd4 exd4 16. Na3 Bd6 17. f4 f5 18. Bxd4 Nxh4 19. Qxg7 Bf8 20. Qe5 fxe4 21.
Nb5 Nf5 22. Nc7+ Kf7 23. Bc3 Bd6 24. Qxe4 Bxc7 25. Ra5 Bxa5 26. Bb2 Bb6+ 27. Kh2 Qh4# 0-1

[Event "Late-Titled-Tuesday-Blitz-May-14-2024"]
[Site "Chess.com"]
[Date "2024.05.14"]
[Round "8"]
[White "FabianoCaruana"]
[Black "Dedic8"]
[Result "1-0"]
[WhiteElo "3079"]
[BlackElo "2920"]
[TimeControl "180+1"]
[EndTime "15:25:25 PDT"]
[Termination "FabianoCaruana won by resignation"]

1. e4 e5 2. Nf3 Nc6 3. Bc4 Nf6 4. d3 Be7 5. O-O O-O 6. Nc3 d6 7. a3 Bg4 8. h3 Bxf3 9. Qxf3 Nd4 10. Qd1 c6 11.
Ba2 Ne6 12. Ne2 d5 13. Ng3 Re8 14. Re1 Qc7 15. Nf5 Bf8 16. Qf3 Rad8 17. c3 a5 18. Be3 a4 19. Rad1 dxe4 20. dxe4 Nf4 21. Rxd8 Rxd8 22. Bxf4 exf4 23. e5 Nd5 24. e6 fxe6 25. Nd4 Re8 26. Rxe6 Rxe6 27. Nxe6 Qe5 28. Nxf4 Bd6 29.
Bxd5+ Kh8 30. g3 cxd5 31. Qxd5 Qe7 32. Ne6 h6 33. Kg2 b6 34. h4 Bb8 1-0

[Event "Late-Titled-Tuesday-Blitz-May-14-2024"]
[Site "Chess.com"]
[Date "2024.05.14"]
[Round "8"]
[White "carloseduar100"]
[Black "mouseslips_are_the_best"]
[Result "0-1"]
[WhiteElo "2251"]
[BlackElo "2368"]
[TimeControl "180+1"]
[EndTime "15:25:25 PDT"]
[Termination "mouseslips_are_the_best won by resignation"]

1. e4 e6 2. d3 d5 3. Nd2 Nf6 4.
g3 c5 5. Bg2 Nc6 6. c3 Be7 7. Ngf3 O-O 8. O-O Qc7 9. Re1 h6 10. e5 Nd7 11. d4 cxd4 12. cxd4 f6 13. Qc2 fxe5 14. dxe5 Qb6 15. a3 Ndxe5 16. b4 Nd4 17.
Nxd4 Qxd4 18. Nb3 Qd3 19. Qc7 Bf6 20. Nc5 Nf3+ 21. Bxf3 Qxf3 22. Bf4 b6 23. Qc6 bxc5 24. Qxa8 Bxa1 25. Rxa1 e5 26. Be3 Bh3 27. Qxf8+ Kxf8 28. Bxc5+ Kg8 0-1

[Event "Late-Titled-Tuesday-Blitz-May-14-2024"]
[Site "Chess.com"]
[Date "2024.05.14"]
[Round "8"]
[White "baki83"]
[Black "CarlosjPineror"]
[Result "0-1"]
[WhiteElo "2900"]
[BlackElo "2750"]
[TimeControl "180+1"]
[EndTime "15:25:27 PDT"]
[Termination "CarlosjPineror won by resignation"]

1. e4 c5 2. Nf3 e6 3. c3 Nf6 4.
e5 Nd5 5. a3 Nc6 6. d4 cxd4 7.
cxd4 d6 8. Bc4 dxe5 9. dxe5 Be7 10. O-O O-O 11. Qe2 a6 12. Rd1 b5 13. Bd3 Bb7 14. h4 g6 15. Bg5 Qb6 16. Qd2 Na5 17.
Bc2 Nc4 18. Qe2 Bxg5 19. Nxg5 Nf4 20. Qg4 Nxg2 21. Nxh7 Kxh7 22. Rd7 Kh8 23. Bxg6 fxg6 0-1

[Event "Late-Titled-Tuesday-Blitz-May-14-2024"]
[Site "Chess.com"]
[Date "2024.05.14"]
[Round "8"]
[White "Akhayan"]
[Black "remyrushbrooke"]
[Result "1-0"]
[WhiteElo "2453"]
[BlackElo "2329"]
[TimeControl "180+1"]
[EndTime "15:25:27 PDT"]
[Termination "Akhayan won by resignation"]

1. e4 g6 2. d4 Bg7 3. Nc3 d6 4. f4 Nc6 5. Nf3 e5 6. fxe5 dxe5 7. d5 Nd4 8. Be3 Bg4 9. Be2 Bxf3 10. Bxf3 Ne7 11.
O-O O-O 12. Ne2 Nxf3+ 13. Rxf3 f5 14. Nc3 f4 15. Bc5 g5 16. d6 cxd6 17. Qxd6 Qxd6 18. Bxd6 Rfe8 19. Bxe7 Rxe7 20. Nd5 Rd7 21. g4 Kf7 22. h3 Bf8 23. Kg2 Rc8 24. c3 b5 25. Rd1 Ke6 26.
Rfd3 Rc4 27. Kf3 Rc6 28. Nxf4+ exf4 29. Rxd7 b4 30. cxb4 Bd6 31. Rxh7 Be7 32. Rh6+ Bf6 33. e5 Kxe5 34. Re1+ Kd5 35. b5 Rd6 36. Rd1+ 1-0

[Event "Late-Titled-Tuesday-Blitz-May-14-2024"]
[Site "Chess.com"]
[Date "2024.05.14"]
[Round "8"]
[White "OK97"]
[Black "GrotBchess"]
[Result "1/2-1/2"]
[WhiteElo "2855"]
[BlackElo "2566"]
[TimeControl "180+1"]
[EndTime "15:25:31 PDT"]
[Termination "Game drawn by agreement"]

1. d4 Nf6 2. c4 e6 3. Nc3 d5 4.
Bg5 Be7 5. e3 O-O 6. Rc1 h6 7.
Bxf6 Bxf6 8. Nf3 c6 9. Bd3 b6 10. O-O Bb7 11. e4 dxe4 12. Nxe4 Nd7 13. c5 bxc5 14.
dxc5 Qc7 15. Qe2 Rfd8 16. Rfd1 Be7 17. Bb1 Ne5 18. Nd4 Rd5 19. b4 Rad8 20. Nb3 Ba6 21. Qe1 Nd3 22. Bxd3 Bxd3 23. Ng3 Qf4 24. Na5 Bb5 25.
Rxd5 Rxd5 26. a3 Bf6 27. Nf1 Bb2 28. Rb1 Bxa3 29. Ne3 Rd4 30. Nc2 Rd3 31. Nxa3 Rxa3 32.
h3 Rd3 1/2-1/2

[Event "Late-Titled-Tuesday-Blitz-May-14-2024"]
[Site "Chess.com"]
[Date "2024.05.14"]
[Round "8"]
[White "Meri-Arabidze"]
[Black "MatthewG-p4p"]
[Result "0-1"]
[WhiteElo "2683"]
[BlackElo "2837"]
[TimeControl "180+1"]
[EndTime "15:25:32 PDT"]
[Termination "MatthewG-p4p won by checkmate"]

1. Nf3 c5 2. c4 g6 3. Nc3 Bg7 4. e3 Nf6 5. d4 cxd4 6. exd4 d5 7. cxd5 Nxd5 8. Bc4 Nxc3 9. bxc3 Qc7 10. Qb3 O-O 11. O-O Nc6 12. Bd3 Na5 13. Qb4 Be6 14. Bg5 Rfe8 15.
Bb5 Nc6 16. Qc5 Qa5 17. d5 Bd7 18. dxc6 Bxc6 19. Rab1 a6 20. Bxe7 Bxb5 21. c4 Rac8 22. Qd5 Rxc4 23. Rfe1 Qxa2 24. Ng5 Rc2 25. Rb3 Rxf2 26.
Ne4 Rxg2+ 27. Kh1 Rxh2+ 28. Kg1 Qg2# 0-1

[Event "Late-Titled-Tuesday-Blitz-May-14-2024"]
[Site "Chess.com"]
[Date "2024.05.14"]
[Round "8"]
[White "grzechu96"]
[Black "StoreySniper"]
[Result "0-1"]
[WhiteElo "2797"]
[BlackElo "2549"]
[TimeControl "180+1"]
[EndTime "15:25:38 PDT"]
[Termination "StoreySniper won by resignation"]

1. e4 g6 2. d4 Bg7 3. Nf3 c5 4. dxc5 Qa5+ 5. c3 Qxc5 6. Be3 Qc7 7. Na3 Bxc3+ 8. bxc3 Qxc3+ 9. Nd2 Qxa3 10. Bc4 Nc6 11. Rc1 Nf6 12. O-O O-O 13. Bc5 Qa5 14. Nb3 Qd8 15. Qe2 d6 16. Ba3 Be6 17. Bxe6 fxe6 18. f4 Qb6+ 19. Kh1 Nd4 20. Qc4 Nxb3 21. Qxe6+ Rf7 22.
axb3 Qa6 23. Bb2 Qa2 24. Bxf6 exf6 25. Rc7 Rf8 26. Rxb7 Qa6 0-1

[Event "Late-Titled-Tuesday-Blitz-May-14-2024"]
[Site "Chess.com"]
[Date "2024.05.14"]
[Round "8"]
[White "Savagelittlemole"]
[Black "Orest_Vovk"]
[Result "0-1"]
[WhiteElo "2513"]
[BlackElo "2680"]
[TimeControl "180+1"]
[EndTime "15:25:40 PDT"]
[Termination "Orest_Vovk won on time"]

1. e4 g5 2. d4 g4 3. Bg5 Bg7 4. c3 d5 5. e5 c5 6. Be2 h5 7. h3 Nc6 8. hxg4 Qb6 9. Qb3 hxg4 10. Rxh8 Bxh8 11. Qxb6 axb6 12. Be3 c4 13. Nd2 b5 14. a3 b4 15. cxb4 Nxb4 16. Rc1 Nc6 17. f3 gxf3 18. Bxf3 e6 19. Ne2 b5 20. Nc3 Rb8 21. b3 Nge7 22. g4 f6 23. exf6 Bxf6 24. Ne2 e5 25. dxe5 Nxe5 26. g5 Nd3+ 27. Kd1 Nf5 28.
Bf4 Be5 29. Bh5+ Kf8 0-1

[Event "Late-Titled-Tuesday-Blitz-May-14-2024"]
[Site "Chess.com"]
[Date "2024.05.14"]
[Round "8"]
[White "Siemba"]
[Black "TanitoluwaAps116"]
[Result "0-1"]
[WhiteElo "2515"]
[BlackElo "2745"]
[TimeControl "180+1"]
[EndTime "15:25:41 PDT"]
[Termination "TanitoluwaAps116 won by resignation"]

1. e4 c5 2. Nf3 e6 3. d4 cxd4 4.
Nxd4 Nf6 5. Nc3 Nc6 6. Ndb5 d6 7.
Bf4 e5 8. Bg5 a6 9. Na3 b5 10.
Nd5 Be7 11. Bxf6 Bxf6 12. c3 Rb8 13. Nc2 Bg5 14. a4 bxa4 15. Ncb4 Nxb4 16. cxb4 O-O 17. Qxa4 f5 18. Bc4 fxe4 19. Ne7+ Kh8 20. Nc6 Qb6 21. O-O Bd7 22. Bd5 Rfc8 23. Qxa6 Bxc6 24. Bxc6 Rxc6 25. b5 Rcc8 26. Rfd1 e3 27. Rxd6 exf2+ 28. Kf1 Qxb5+ 29. Qxb5 Rxb5 30. Kxf2 Rxb2+ 31. Kf3 h6 32. Re1 Rc3+ 33. Kg4 Rxg2+ 34. Kh5 Rh3+ 35. Kg6 Be7+ 36. Kf7 Bxd6 0-1

[Event "Late-Titled-Tuesday-Blitz-May-14-2024"]
[Site "Chess.com"]
[Date "2024.05.14"]
[Round "8"]
[White "giovannibrandao7"]
[Black "lilylg"]
[Result "0-1"]
[WhiteElo "2296"]
[BlackElo "2210"]
[TimeControl "180+1"]
[EndTime "15:25:46 PDT"]
[Termination "lilylg won by resignation"]

1. e4 c6 2. d4 d5 3. Nc3 dxe4 4. Nxe4 Bf5 5. Ng3 Bg6 6. Nf3 e6 7. h4 h6 8. h5 Bh7 9. Bd3 Bxd3 10. Qxd3 Nf6 11.
Bf4 Nbd7 12. O-O-O Be7 13. Kb1 Nd5 14. Bd2 c5 15.
dxc5 Nxc5 16. Qb5+ Qd7 17. Qxd7+ Nxd7 18. c4 N5b6 19.
b3 a5 20. Ne4 a4 21. Nd4 axb3 22. axb3 Nf6 23. Rh4 O-O 24. Nxf6+ Bxf6 25. Rg4 Nd7 26. Bxh6 Kh7 27. Bc1 Nc5 28. Bb2 Rfd8 29. Re1 Nd3 30. Rd1 Nxb2 31. Kxb2 e5 0-1

[Event "Late-Titled-Tuesday-Blitz-May-14-2024"]
[Site "Chess.com"]
[Date "2024.05.14"]
[Round "8"]
[White "David_ATM"]
[Black "Adar_07"]
[Result "0-1"]
[WhiteElo "2447"]
[BlackElo "2692"]
[TimeControl "180+1"]
[EndTime "15:25:52 PDT"]
[Termination "Adar_07 won on time"]

1. e4 c6 2. Nc3 d5 3. Nf3 dxe4 4. Nxe4 Bg4 5. Bc4 e6 6. d3 Nf6 7. Bg5 Nbd7 8. h3 Bh5 9. Ng3 Qa5+ 10. Bd2 Bb4 11. a3 Bxf3 12. gxf3 Bxd2+ 13. Qxd2 Qe5+ 14. Kf1 Qxb2 15. Kg2 Qe5 16. Rhe1 Qc7 17. Qb4 a5 18. Qb3 O-O 19. a4 Rab8 20. Qc3 Nb6 21. Bb3 Nbd5 22. Bxd5 Nxd5 23. Qd2 Rbd8 24. Rab1 Nf4+ 25. Kh2 Rd4 26.
Re4 Rfd8 27. Qe3 e5 28. Rxe5 Ng6 29. Re8+ Rxe8 30. Qxe8+ Nf8 31. Re1 g6 32. Re7 Qf4 33. Kg2 Rxa4 34. Rxb7 Rb4 35. Ra7 Rb8 36. Qxc6 Ne6 37.
Rxa5 Qf6 38. Ra8 Nf4+ 39. Kh2 Qxc6 40. Rxb8+ Kg7 41. Rb2 Qxf3 0-1

[Event "Late-Titled-Tuesday-Blitz-May-14-2024"]
[Site "Chess.com"]
[Date "2024.05.14"]
[Round "8"]
[White "GlavkonVVS"]
[Black "XDPS"]
[Result "0-1"]
[WhiteElo "2632"]
[BlackElo "2805"]
[TimeControl "180+1"]
[EndTime "15:25:53 PDT"]
[Termination "XDPS won by resignation"]

1. c4 e5 2. Nc3 Bc5 3. g3 d6 4.
Bg2 a6 5. e3 Ba7 6. Nge2 Nc6 7.
d4 Nge7 8. O-O h5 9. b4 h4 10. d5 Nb8 11. e4 Bg4 12. Be3 Bxe3 13. fxe3 hxg3 14. hxg3 Nd7 15. Qd3 Nf6 16. c5 Qd7 17. c6 bxc6 18. dxc6 Qxc6 19. Nd5 Nexd5 20. exd5 Qb6 21.
Rac1 O-O 22. Nc3 Qxb4 23. Rxf6 gxf6 24. Ne4 f5 25. Nf6+ Kg7 26. Nxg4 Qxg4 27. Rxc7 Rfc8 28. Rc6 Qxg3 29. Qxf5 Qxe3+ 30. Kf1 Rxc6 31. dxc6 Qf4+ 32. Qxf4 exf4 33. Bh3 Ra7 34. Kf2 Kf6 35. Kf3 Ke5 36. a4 a5 37. Bc8 Rc7 38. Bd7 d5 39. Ke2 f5 40. Kd3 d4 41. Be8 f3 42. Kd2 f4 43. Kd3 Kd5 44. Bh5 f2 45. Bf3+ Kc5 46.
Ke2 Rxc6 47. Bxc6 Kxc6 48. Kxf2 d3 0-1

[Event "Late-Titled-Tuesday-Blitz-May-14-2024"]
[Site "Chess.com"]
[Date "2024.05.14"]
[Round "8"]
[White "NikitaShnadrygin"]
[Black "lucasran"]
[Result "1-0"]
[WhiteElo "2765"]
[BlackElo "2578"]
[TimeControl "180+1"]
[EndTime "15:25:57 PDT"]
[Termination "NikitaShnadrygin won on time"]

1. e4 c6 2. d4 d5 3. f3 g6 4. Nc3 Bg7 5. Be3 Qb6 6. Bd3 Qxb2 7. Nge2 dxe4 8. fxe4 e5 9. d5 Nf6 10. Rb1 Qa3 11. h3 O-O 12. O-O cxd5 13. exd5 e4 14.
Bc4 Nbd7 15. Bd4 Re8 16. Nb5 Qa5 17. d6 Ne5 18. Nc7 Nxc4 19. Bxf6 Ne3 20. Qd4 Nxf1 21. Bxg7 Bd7 22. Bh8 f6 23. Qxf6 Qc5+ 24. Nd4 Qe5 25. Qxe5 Rxe5 26. Bxe5 Nd2 27. Re1 Nc4 28. Bg3 Rc8 29.
Nd5 1-0

[Event "Late-Titled-Tuesday-Blitz-May-14-2024"]
[Site "Chess.com"]
[Date "2024.05.14"]
[Round "8"]
[White "NCchamp"]
[Black "Walter_White_Poland"]
[Result "1-0"]
[WhiteElo "2317"]
[BlackElo "2383"]
[TimeControl "180+1"]
[EndTime "15:25:58 PDT"]
[Termination "NCchamp won by resignation"]

1. d4 d5 2. c4 e6 3. Nc3 Be7 4. cxd5 exd5 5. Nf3 c6 6. Bf4 Bf5 7. e3 Nf6 8. Bd3 Bg6 9. Ne5 Nbd7 10. Nxg6 hxg6 11. Qf3 Nf8 12. Be5 N8d7 13. Bg3 Nh5 14. O-O-O Qa5 15. Kb1 b5 16. e4 b4 17. Ne2 b3 18. axb3 Ndf6 19. Nc3 Nxg3 20. hxg3 Rxh1 21. Rxh1 O-O-O 22. e5 Ne4 23. Bxe4 dxe4 24. Qxe4 Qb4 25. Qxc6+ Kb8 26. Nd5 Qxd4 27. Qb5+ Kc8 28. Nxe7+ Kc7 29. Rc1+ 1-0

[Event "Late-Titled-Tuesday-Blitz-May-14-2024"]
[Site "Chess.com"]
[Date "2024.05.14"]
[Round "8"]
[White "imdvb6307"]
[Black "Hamisandwich"]
[Result "0-1"]
[WhiteElo "2537"]
[BlackElo "2750"]
[TimeControl "180+1"]
[EndTime "15:26:02 PDT"]
[Termination "Hamisandwich won on time"]

1. d4 c6 2. e4 a6 3. d5 d6 4.
c4 g6 5. Bd3 Bg7 6. Ne2 Nf6 7.
h3 O-O 8. O-O e6 9. dxe6 Bxe6 10. Nbc3 Nbd7 11. b3 d5 12. cxd5 cxd5 13. exd5 Nxd5 14.
Bb2 Nb4 15. Be4 Nc5 16. Bf3 Nbd3 17. Ba3 Qa5 18. Na4 Rfd8 19. Rb1 Ne5 20. Qc1 Nxf3+ 21.
gxf3 Nxa4 22. bxa4 Rac8 23. Qe3 Qxa4 24. Rfc1 Rxc1+ 25. Rxc1 Rd1+ 0-1

[Event "Late-Titled-Tuesday-Blitz-May-14-2024"]
[Site "Chess.com"]
[Date "2024.05.14"]
[Round "8"]
[White "Veleamater"]
[Black "Evan_Attaker"]
[Result "0-1"]
[WhiteElo "2436"]
[BlackElo "2637"]
[TimeControl "180+1"]
[EndTime "15:26:05 PDT"]
[Termination "Evan_Attaker won by checkmate"]

1. e4 c5 2. a3 e6 3. b4 cxb4 4. axb4 Bxb4 5. Bb2 Bf8 6. d4 d6 7. f4 Nf6 8. Bd3 Be7 9. Nf3 O-O 10.
O-O Nc6 11. c4 d5 12. e5 Ne8 13. Nc3 dxc4 14. Bxc4 Nc7 15. d5 exd5 16. Nxd5 Nxd5 17. Bxd5 Qb6+ 18. Bd4 Nxd4 19. Nxd4 Bc5 20. Ra4 Rd8 21.
Bxf7+ Kxf7 22. Qh5+ Kg8 23. Kh1 Bxd4 24. f5 Bxe5 25.
Rh4 h6 26. Rg4 Rf8 27. Rg6 Rxf5 28. Rxg7+ Kxg7 29. Qg4+ Qg6 30. Qb4 Rxf1# 0-1

[Event "Late-Titled-Tuesday-Blitz-May-14-2024"]
[Site "Chess.com"]
[Date "2024.05.14"]
[Round "8"]
[White "bobo_panda"]
[Black "ZachHKL"]
[Result "0-1"]
[WhiteElo "2423"]
[BlackElo "2318"]
[TimeControl "180+1"]
[EndTime "15:26:08 PDT"]
[Termination "ZachHKL won by checkmate"]

1. e4 c5 2. Nf3 d6 3. d4 cxd4 4. Nxd4 Nf6 5. Nc3 g6 6. Be3 Bg7 7. f3 O-O 8. Qd2 Nc6 9. O-O-O Nxd4 10. Bxd4 Be6 11. Kb1 Qc7 12. h4 Rfc8 13. h5 Qa5 14.
hxg6 fxg6 15. a3 Rab8 16. Bb5 Rxc3 17. a4 Nxe4 18. fxe4 Bxd4 19. Qxd4 Rc5 20. b4 Rxb5 21. axb5 Qa2+ 22. Kc1 Rc8 23. Qb2 Qa4 24. Rd3 Qxb5 25. Rhd1 Qg5+ 26. Kb1 Rf8 27. Qd4 a6 28. g3 Bf7 29.
Rc1 b5 30. Rf3 Rc8 31. Kb2 Rc4 32. Qb6 Rxb4+ 33. Ka1 Qxc1# 0-1

[Event "Late-Titled-Tuesday-Blitz-May-14-2024"]
[Site "Chess.com"]
[Date "2024.05.14"]
[Round "8"]
[White "katharinareinecke"]
[Black "RianKapriaga"]
[Result "0-1"]
[WhiteElo "1906"]
[BlackElo "2286"]
[TimeControl "180+1"]
[EndTime "15:26:09 PDT"]
[Termination "RianKapriaga won on time"]

1. d4 Nf6 2. Nf3 d5 3. g3 c6 4.
Bg2 Bg4 5. O-O Bxf3 6. Bxf3 Nbd7 7. c4 e6 8. Nc3 Bb4 9. a3 Bxc3 10. bxc3 O-O 11. cxd5 exd5 12. Qc2 b5 13. a4 a6 14. axb5 axb5 15. Ba3 Re8 16. Bb4 Ne4 17. e3 Nb6 18.
Ra2 Ra4 19. Rfa1 Rxa2 20. Qxa2 Na4 21. Rc1 g6 22. Bd1 Qf6 23. Bxa4 bxa4 24. Rc2 Ra8 25.
Qa3 h5 26. Be7 Qf3 27. Ra2 Kg7 28. c4 g5 29. cxd5 cxd5 30. Qc1 Ra7 31. Qf1 Rxe7 32.
Rxa4 h4 33. Ra5 Rd7 34. Ra6 h3 35. Ra5 g4 36. Ra6 Nd2 0-1

[Event "Late-Titled-Tuesday-Blitz-May-14-2024"]
[Site "Chess.com"]
[Date "2024.05.14"]
[Round "8"]
[White "Oleg_Papayan"]
[Black "cthulhuuu"]
[Result "0-1"]
[WhiteElo "2608"]
[BlackElo "2486"]
[TimeControl "180+1"]
[EndTime "15:26:12 PDT"]
[Termination "cthulhuuu won by checkmate"]

1. e4 d6 2. d4 Nf6 3. Nc3 c6 4. Be3 b5 5. a3 e5 6. dxe5 dxe5 7. Qxd8+ Kxd8 8. f3 Be6 9. O-O-O+ Kc7 10. Nge2 Nbd7 11. Kb1 a5 12. a4 b4 13. Na2 b3 14. Nac3 bxc2+ 15. Kxc2 Rb8 16. Nc1 Bc5 17. Bxc5 Nxc5 18.
g3 Rb4 19. Be2 Rhb8 20. b3 Nxb3 21. Rdf1 Nd4+ 22. Kd3 Rb2 23. f4 Nd7 24. f5 Nc5+ 25. Ke3 Nxe2 26. N1xe2 Bc4 27. f6 Bxe2 28. Nxe2 R8b3+ 29. Kf2 Nxe4+ 30. Ke1 Rb1+ 31. Nc1 Rxc1+ 32. Ke2 Rc2+ 33.
Kd1 Rd2+ 34. Kc1 Ra3 35. fxg7 Ra1# 0-1

[Event "Late-Titled-Tuesday-Blitz-May-14-2024"]
[Site "Chess.com"]
[Date "2024.05.14"]
[Round "8"]
[White "Maikrosoft63"]
[Black "MarkusRagger"]
[Result "0-1"]
[WhiteElo "2630"]
[BlackElo "2824"]
[TimeControl "180+1"]
[EndTime "15:26:13 PDT"]
[Termination "MarkusRagger won by resignation"]

1. e4 e5 2. Nc3 Nf6 3. f4 d5 4. fxe5 Nxe4 5. Qf3 Nc6 6. Bb5 Nxc3 7. dxc3 Qh4+ 8. g3 Qe4+ 9. Qxe4 dxe4 10. Be3 Bd7 11.
Bxc6 Bxc6 12. O-O-O Be7 13. Ne2 Bd7 14. Nf4 O-O-O 15.
e6 fxe6 16. Bd4 Bf6 17. Bxf6 gxf6 18. Rhe1 f5 19. c4 e5 20. Nd5 c6 21. Ne7+ Kc7 22. g4 f4 23. Rxe4 Bxg4 24. Rxd8 Rxd8 25. b4 f3 0-1

[Event "Late-Titled-Tuesday-Blitz-May-14-2024"]
[Site "Chess.com"]
[Date "2024.05.14"]
[Round "8"]
[White "th3d4rkness"]
[Black "PhileKhoob"]
[Result "1/2-1/2"]
[WhiteElo "2181"]
[BlackElo "2329"]
[TimeControl "180+1"]
[EndTime "15:26:15 PDT"]
[Termination "Game drawn by repetition"]

1. e4 c6 2. d4 d5 3. e5 Bf5 4. h4 h6 5. g4 Be4 6. f3 Bh7 7.
e6 Qd6 8. exf7+ Kxf7 9. Kf2 Nd7 10. Bd3 e5 11. Bxh7 Rxh7 12. dxe5 Nxe5 13. f4 Nd7 14. Nf3 Ngf6 15. Kg3 Ne4+ 16. Kg2 Be7 17. Nc3 Ndc5 18. Ne5+ Ke8 19. Be3 Bf6 20. Bd4 Nxc3 21. bxc3 Ne6 22.
Rf1 Rh8 23. Qd3 Rf8 24. Qg6+ Kd8 25. Nf7+ Rxf7 26. Qxf7 Nxf4+ 27. Rxf4 Qxf4 28. Bxf6+ gxf6 29. Qf8+ Kc7 30. Qxa8 Qxg4+ 31. Kf2 Qf4+ 32. Ke2 Qe4+ 33. Kd2 Qf4+ 34. Ke2 Qh2+ 35. Kd3 Qg3+ 36. Kd2 Qf4+ 37. Ke2 1/2-1/2

[Event "Late-Titled-Tuesday-Blitz-May-14-2024"]
[Site "Chess.com"]
[Date "2024.05.14"]
[Round "8"]
[White "s-dshubin"]
[Black "Boorchess"]
[Result "0-1"]
[WhiteElo "2323"]
[BlackElo "2583"]
[TimeControl "180+1"]
[EndTime "15:26:19 PDT"]
[Termination "Boorchess won by checkmate"]

1. e4 e5 2. Nf3 Nf6 3. Nxe5 d6 4.
Nf3 Nxe4 5. Nc3 Nf6 6. Bc4 g6 7.
d4 Bg7 8. O-O O-O 9. Bg5 h6 10.
Bf4 Nc6 11. Qd2 Kh7 12. Nd5 Nxd5 13. Bxd5 Ne7 14. Bb3 Be6 15. c3 Nd5 16. Bxd5 Bxd5 17. Ne1 Qd7 18. Nd3 a5 19. b3 b5 20. Rac1 a4 21.
c4 bxc4 22. bxc4 Be4 23. Rfe1 Rfe8 24. d5 a3 25. Nb4 g5 26. f3 Bg6 27. Be3 Bb2 28. Rcd1 Qf5 29. Bd4 Rxe1+ 30. Rxe1 Qf4 31. Qxf4 gxf4 32. Nc6 Bd3 33. Re7 Ra6 34. Rxf7+ Kg8 35.
Rg7+ Kf8 36. Rxc7 Rxc6 37. Rxc6 Bxd4+ 38. Kh1 Bc5 39. g3 Bb1 40. Rc8+ Kf7 41. Rh8 Bxa2 42. Rxh6 Bxc4 43. Rh8 a2 44. Ra8 Bd4 45. gxf4 Bxd5 46. Ra3 a1=Q+ 47. Rxa1 Bxf3# 0-1

[Event "Late-Titled-Tuesday-Blitz-May-14-2024"]
[Site "Chess.com"]
[Date "2024.05.14"]
[Round "8"]
[White "MarceloPlaya"]
[Black "Eliwood44"]
[Result "1-0"]
[WhiteElo "2341"]
[BlackElo "2425"]
[TimeControl "180+1"]
[EndTime "15:26:20 PDT"]
[Termination "MarceloPlaya won by checkmate"]

1. e4 e5 2. Nf3 Nc6 3. d4 exd4 4. Bc4 Nf6 5. Ng5 d5 6. exd5 Qe7+ 7. Kf1 Na5 8. Qxd4 Nxc4 9. Qxc4 h6 10. Nc3 hxg5 11.
Bxg5 Qc5 12. Re1+ Kd8 13. Qf4 Qd6 14. Qd2 a6 15. Ne4 Qb6 16. d6 Bxd6 17. Nxf6 Qb5+ 18. Kg1 Be6 19. Ne4+ Kd7 20. Bf4 Qd5 21. Qxd5 Bxd5 22. Nxd6 cxd6 23. Rd1 Ke6 24. c4 Bxc4 25. Rxd6+ Kf5 26. b3 Kxf4 27. Rd4+ Kf5 28. Rxc4 Rad8 29. g4+ Kg6 30. Kg2 Rd2 31. a4 Re8 32. h4 Ree2 33.
Rf4 Rb2 34. h5+ Kh7 35. Rxf7 Rxb3 36. h6 Rb4 37. hxg7+ Kg8 38. Rh8+ Kxf7 39. g8=Q+ Kf6 40. Qf8+ Ke5 41. Qxb4 Re4 42. Qc5+ Kf4 43. Rf8+ Kxg4 44. Qf5+ Kh4 45. Qxe4+ Kh5 46. Qh7+ Kg5 47. Qg7+ Kh5 48. Rh8# 1-0

[Event "Late-Titled-Tuesday-Blitz-May-14-2024"]
[Site "Chess.com"]
[Date "2024.05.14"]
[Round "8"]
[White "Bryanl106"]
[Black "Love7Unicorn"]
[Result "1-0"]
[WhiteElo "2676"]
[BlackElo "2505"]
[TimeControl "180+1"]
[EndTime "15:26:22 PDT"]
[Termination "Bryanl106 won by resignation"]

1. e4 c5 2. Nf3 d6 3. d4 cxd4 4. Nxd4 Nf6 5. Nc3 g6 6. Be3 Bg7 7. f3 O-O 8. Qd2 Nc6 9. O-O-O d5 10. Qe1 e5 11. Nxc6 bxc6 12. exd5 Nxd5 13. Bc4 Be6 14.
Kb1 Rb8 15. Bb3 a5 16. Ne4 Qc7 17.
Nc5 Bc8 18. h4 Nxe3 19. Qxe3 Qa7 20. Rhe1 Re8 21. h5 Qe7 22. hxg6 hxg6 23. g4 Rb4 24. a3 Rf4 25. Qxf4 exf4 26. Rxe7 Rxe7 27. Rd8+ Bf8 28.
Rxc8 Re1+ 29. Ka2 Kg7 30. Rc7 Bxc5 31. Rxf7+ Kh6 32. Rxf4 Be3 33. Re4 Bd2 34. Rxe1 Bxe1 35. Ba4 c5 36. Kb3 Kg5 37. Bc6 Kf4 38. Kc4 Bf2 39.
Kb5 Be3 40. Kxa5 Bc1 41. b4 Bxa3 42. b5 c4 43. b6 Bd6 44. Ka6 Ke5 45. Kb7 Kd4 46.
Be4 Kc5 47. Ka7 g5 48. b7 c3 49. b8=Q Bxb8+ 50. Kxb8 Kd4 51. Kc8 Ke3 52. Kd8 Kf4 53.
Ke8 Ke3 54. Kf8 1-0

[Event "Late-Titled-Tuesday-Blitz-May-14-2024"]
[Site "Chess.com"]
[Date "2024.05.14"]
[Round "8"]
[White "DishonorOnYourCow"]
[Black "patzer-reloaded"]
[Result "1-0"]
[WhiteElo "2539"]
[BlackElo "2378"]
[TimeControl "180+1"]
[EndTime "15:26:22 PDT"]
[Termination "DishonorOnYourCow won on time"]

1. d4 Nf6 2. c4 e6 3. Nf3 d5 4.
Nc3 Bb4 5. Bg5 h6 6. Bxf6 Qxf6 7. Qa4+ Nc6 8. e3 O-O 9. Be2 dxc4 10. O-O a6 11. Bxc4 Bxc3 12. bxc3 e5 13. d5 e4 14. Nd2 Ne5 15. Nxe4 Qg6 16. Be2 Rd8 17. Rad1 Bf5 18.
f3 Bxe4 19. Qxe4 Qxe4 20. fxe4 b5 21. a4 Rdb8 22. Rd4 bxa4 23. Rxa4 Rb3 24. Rc1 a5 25.
Kf2 g5 26. c4 Nd7 27. c5 Rb2 28. Kf1 Ne5 29. c6 Rab8 30. d6 cxd6 31. c7 Rc8 32.
Ba6 1-0

[Event "Late-Titled-Tuesday-Blitz-May-14-2024"]
[Site "Chess.com"]
[Date "2024.05.14"]
[Round "8"]
[White "ClauAmura"]
[Black "noret"]
[Result "1-0"]
[WhiteElo "2356"]
[BlackElo "2140"]
[TimeControl "180+1"]
[EndTime "15:26:22 PDT"]
[Termination "ClauAmura won on time"]

1. d4 Nf6 2. Bg5 d5 3. e3 Bf5 4. Bd3 Ne4 5. Bf4 f6 6. Nf3 Nd7 7. h3 c5 8. Nbd2 Qb6 9. Nh4 Nxd2 10. Nxf5 Ne4 11. Rb1 e6 12. Ng3 Nxg3 13. Bxg3 cxd4 14. Qh5+ Kd8 15. O-O dxe3 16. Rfe1 Bc5 17. fxe3 Bxe3+ 18. Kh2 Ke7 19. Qf3 Bc5 20. Qxd5 Rhe8 21. b4 Bg1+ 22. Kh1 Bd4 23. Bxh7 Ne5 24. Qe4 Rh8 25. Bxe5 Bxe5 26. Bg6 Rad8 27. c4 Rd4 28. Qe2 Qc6 29. Be4 Qxc4 30.
Qf3 1-0

[Event "Late-Titled-Tuesday-Blitz-May-14-2024"]
[Site "Chess.com"]
[Date "2024.05.14"]
[Round "8"]
[White "Godzillator"]
[Black "m_ezat"]
[Result "0-1"]
[WhiteElo "2439"]
[BlackElo "2612"]
[TimeControl "180+1"]
[EndTime "15:26:23 PDT"]
[Termination "m_ezat won by resignation"]

1. c3 e5 2. d4 exd4 3. cxd4 Nf6 4. Nc3 Bb4 5. Qc2 d5 6. Bg5 c5 7. e3 cxd4 8. exd4 Nc6 9. Nf3 Bg4 10. a3 Bxf3 11.
axb4 Bh5 12. Bb5 Qe7+ 13. Kf1 Qxb4 14. Bxf6 gxf6 15. Re1+ Kf8 16. Bxc6 bxc6 17. Qf5 Bg6 18. Qxf6 Rg8 19. Qxc6 Kg7 20. Nxd5 Qxd4 21. Qc3 Qxc3 22. Nxc3 Rab8 23. Nd1 Rge8 24. Rxe8 Rxe8 25. f3 Rc8 26. Kf2 Rc2+ 27. Kg3 a5 28. Re1 Rc1 29. Kf2 Rb1 30.
Ke3 Bc2 31. Ke2 Bxd1+ 32. Rxd1 Rxb2+ 33. Rd2 Rxd2+ 34. Kxd2 Kf6 35. Kc3 Ke5 36. g3 a4 37.
Kc4 a3 38. Kb3 Kd4 39. Kxa3 Ke3 40. f4 Kf3 41. Kb4 Kg2 42. Kc5 Kxh2 43. f5 Kxg3 44. f6 Kf4 45. Kd6 Kf5 46. Ke7 Kg6 0-1